 Dungeon Crawl Stone Soup version 0.27-a0-242-ge0fc76b88b (webtiles) character file.

Game seed: 170360450195576762

1233 Borgoz the Slasher (level 8, -1/68 HPs)
             Began as a Ghoul Gladiator on Feb 3, 2021.
             Hit by a boomerang thrown by an orc warrior (5 damage)
             ... on level 6 of the Dungeon.
             The game lasted 00:08:11 (7380 turns).

Borgoz the Slasher (Ghoul Gladiator)                Turns: 7380, Time: 00:08:11

Health: -1/68      AC: 14    Str: 18    XL:     8   Next: 48%
Magic:  7/7        EV: 13    Int:  3    God:
Gold:   272        SH:  0    Dex: 12    Spells: 7/7 levels left

rFire    + . .     SeeInvis .   a - +0 long sword
rCold    + . .     Faith    +   (no shield)
rNeg     + + +     Spirit   .   d - +5 ring mail {rF+}
rPois    ∞         Reflect  .   c - +0 helmet
rElec    .         Harm     .   n - +0 cloak
rCorr    .         Rampage  .   q - +0 pair of gloves
Will     .....                  (no boots)
Stlth    +.........             l - amulet of faith
HPRegen  0.00/turn              (no ring)
MPRegen  0.10/turn              (no ring)

@: hasted, very quick
A: claws 1, cold resistance 1, negative energy resistance 3, inhibited
regeneration, torment resistance, unbreathing
a: no special abilities


You were on level 6 of the Dungeon.
You visited 1 branch of the dungeon, and saw 6 of its levels.
You also visited: Ossuary.

You collected 272 gold pieces.

Inventory:

Hand Weapons
 a - a +0 long sword (weapon)
 b - a +4 dagger
Armour
 c - a +0 helmet (worn)
 d - a +5 ring mail of fire resistance (worn)
 n - a +0 cloak (worn)
 q - a +0 pair of gloves (worn)
Jewellery
 l - an amulet of faith (around neck)
Scrolls
 e - 2 scrolls of blinking {unknown}
 f - 2 scrolls of fear {unknown}
 g - 5 scrolls of remove curse
 m - a scroll of noise
 o - a scroll of identify
 p - a scroll of amnesia
Potions
 i - a potion of resistance
 j - a potion of haste
 k - a potion of cancellation


   Skills:
 + Level 5.2 Fighting
 * Level 6.3 Long Blades
 - Level 1.7 Throwing
 + Level 3.7 Armour
 + Level 4.8 Dodging


You had 7 spell levels left.
You didn't know any spells.
Your spell library contained the following spells:

 Spells                   Type           Power        Failure   Level
 Summon Small Mammal      Summ           0%           71%         1
 Call Imp                 Summ           0%           85%         2
 Call Canine Familiar     Summ           0%           97%         3
 Summon Guardian Golem    Hex/Summ       0%           97%         3
 Summon Ice Beast         Ice/Summ       0%           100%        4
 Summon Lightning Spire   Summ/Air       0%           100%        4


Dungeon Overview and Level Annotations

Branches:
Dungeon (6/15)            Ossuary (visited)
 Temple: D:4-7

Altars:
Gozag
Sif Muna
Yredelemnul

Shops:
D:4 *


Innate Abilities, Weirdness & Mutations

You thrive by killing the living.
You are immune to poison.
You have sharp fingernails.
Your flesh is cold resistant. (rC+)
You are immune to negative energy. (rN+++)
You do not regenerate when monsters are visible.
You are immune to unholy pain and torment.
You can survive without breathing.


Message History

You hit the orc warrior but do no damage.
The orc warrior is moderately wounded.
You closely miss the orc warrior.
The orc warrior is moderately wounded.
The orc warrior barely misses you.
You hit the orc warrior.
The orc warrior is moderately wounded.
The orc warrior hits you with a +0 war axe.
You closely miss the orc warrior.
The orc warrior is moderately wounded.
The orc warrior hits you with a +0 war axe!
You hit the orc warrior but do no damage.
The orc warrior is moderately wounded.
You feel yourself speed up.
The orc warrior hits you with a +0 war axe!
* * * LOW HITPOINT WARNING * * *
The orc warrior throws a boomerang.
The boomerang hits you.
* * * LOW HITPOINT WARNING * * *
The orc warrior throws a boomerang.
The boomerang hits you.
You die...

#..# ##.# #.#
#..# ##... ##.#
##..######
#........######
.#...........@.#
#.........##'##.#
###.....$.#.o.#.#
#.......'...#.#
######..#(..#o#
#..##'##.#
#.....†o.#
#...###### #####


You could see an orc warrior.

Vanquished Creatures
  Sigmund (D:5)
  Edmund (D:5)
  A water moccasin (D:4)
  A sky beast (D:5)
  2 phantoms (D:4)
  A centaur (D:6)
  A bullfrog skeleton (D:4)
  2 hounds
  A human zombie (Ossuary)
  2 orc wizards (D:4)
  3 worker ants
  A big kobold zombie (Ossuary)
  3 mummies (Ossuary)
  A howler monkey skeleton (D:4)
  6 adders
  4 gnolls (D:4)
  A white imp (D:5)
  An ufetubus (D:5)
  2 oozes
  6 adder zombies (Ossuary)
  An adder skeleton (D:4)
  2 worms
  2 dart slugs
  2 leopard geckos
  10 orcs
  4 giant cockroaches
  6 goblins
  4 hobgoblins
  4 jackals (D:2)
  2 kobolds (D:2)
  4 quokkas
  7 bats
  3 frilled lizards
  2 goblin zombies (Ossuary)
  A hobgoblin zombie (Ossuary)
  A kobold zombie (Ossuary)
  3 quokka zombies (Ossuary)
  7 rats
  3 rat zombies (Ossuary)
109 creatures vanquished.

Notes
Turn   | Place    | Note
-------+----------+-------------------------------------------
     0 | D:1      | Borgoz the Ghoul Gladiator began the quest for the Orb.
     0 | D:1      | Reached XP level 1. HP: 17/17 MP: 0/0
   345 | D:1      | Reached XP level 2. HP: 24/25 MP: 1/1
   467 | D:1      | Reached skill level 3 in Long Blades
   849 | D:2      | Reached XP level 3. HP: 14/30 MP: 2/2
  1228 | D:2      | Reached skill level 1 in Armour
  1616 | D:2      | Reached XP level 4. HP: 21/37 MP: 3/3
  2780 | D:3      | Reached XP level 5. HP: 45/45 MP: 4/4
  3335 | D:4      | Noticed a phantom
  3349 | D:4      | Reached skill level 4 in Long Blades
  3369 | D:4      | HP: 1/45 [phantom (3)]
  3394 | D:4      | Killed a phantom
  3395 | D:4      | Reached XP level 6. HP: 11/51 MP: 5/5
  3808 | D:4      | Found Qurchutz's Serpentskin Sales.
  3808 | D:4      | Noticed a water moccasin
  3828 | D:4      | Killed a water moccasin
  4128 | D:4      | Reached XP level 7. HP: 59/59 MP: 6/6
  4263 | D:4      | Reached skill level 5 in Long Blades
  5238 | D:5      | Entered Level 5 of the Dungeon
  5369 | D:5      | Noticed Edmund
  5448 | D:5      | Killed Edmund
  6091 | D:5      | Noticed Sigmund
  6116 | D:5      | Killed Sigmund
  6117 | D:5      | Reached skill level 6 in Long Blades
  6117 | D:5      | Reached XP level 8. HP: 53/67 MP: 7/7
  6595 | D:5      | Found a basalt altar of Yredelemnul.
  6595 | D:5      | Found a shimmering blue altar of Sif Muna.
  6596 | D:5      | Found an opulent altar of Gozag.
  6828 | D:6      | Reached skill level 5 in Fighting
  6908 | D:6      | Found a sand-covered staircase.
  6914 | Ossuary  | Entered an ossuary
  7380 | D:6      | Hit by a boomerang thrown by an orc warrior

Illustrated notes

Levels and vault maps discovered:
D:1:      dpeg_arrival_round_b, layout_basic, kennysheep_crisscross
D:2:      layout_loops_corners
D:3:      layout_basic
D:4:      layout_basic, guppyfry_shop_venom
D:5:      layout_layer_cave, gammafunk_temple_overflow_forgotten, uniq_edmund,
          uniq_sigmund
D:6:      layout_rooms, minmay_temple_entry_enclosed_plants, enter_ossuary_2

Skill      XL: |  1  2  3  4  5  6  7  8 |
---------------+-------------------------+-----
Long Blades    | 3 4 6 |  6.3
Dodging        | 3 4 |  4.8
Armour         | 1 2 3 |  3.7
Fighting       | 3 4 5 |  5.2
Throwing       | |  1.7

Action                   |  1- 3 |  4- 6 |  7- 9 || total
-------------------------+-------+-------+-------++-------
Melee: Long sword        |   118 |    45 |    35 ||   198
       Dagger            |       |    95 |   355 ||   450
Throw: Throwing net      |       |     1 |     5 ||     6
Evoke: Wand              |       |     7 |     2 ||     9
  Use: Potion            |       |     6 |     3 ||     9
       Scroll            |       |       |     7 ||     7
 Stab: Held in net/web   |       |       |     2 ||     2
Armor: Leather armour    |    19 |       |       ||    19
       Ring mail         |    27 |    49 |   143 ||   219
Dodge: Dodged            |    76 |    86 |   190 ||   352
       Rpst.: Long sword |    23 |     9 |     5 ||    37

Table legend: (Time is in decaauts)
 A = Elapsed time spent in this place.
 B = Non-inter-level travel time spent in this place.
 C = Inter-level travel time spent in this place.
 D = Time resting spent in this place.
 E = Time spent auto-exploring this place.
 F = Levels seen in this place.
 G = Mean time per level.
                   A        B        C        D        E       F      G
               +--------+--------+--------+--------+--------+-----+--------+
         Total |   7325 |   7239 |     86 |   1498 |   4652 |   7 | 1046.4 |
       Dungeon |   6939 |   6853 |     86 |   1351 |   4548 |   6 | 1156.5 |
       Ossuary |    386 |    386 |      0 |    147 |    104 |   1 |  386.0 |
               +--------+--------+--------+--------+--------+-----+--------+

Top non-repeatable levels by time:
     D:4: 1915 daAuts
     D:2: 1613 daAuts
     D:5: 1563 daAuts
     D:3: 959 daAuts
     D:1: 741 daAuts
 Ossuary: 386 daAuts
     D:6: 146 daAuts
